 Dungeon Crawl Stone Soup version 0.30-a0-924-g0ad0bf95bc (webtiles) character file.

Game seed: 15113215379766348992

5297 cforsyth the Basher (level 10, -4/71 HPs)
             Began as a Human Fighter on Mar 22, 2023.
             Was an Elder of Okawaru.
             Slain by an acid dragon (5 damage)
             ... on level 9 of the Dungeon.
             The game lasted 00:16:57 (10838 turns).

cforsyth the Basher (Human Fighter)                Turns: 10838, Time: 00:16:58

Health: -4/71      AC: 15    Str: 19 (20) XL:     10   Next: 95%
Magic:  10/10      EV: 12    Int:  6 (9)  God:    Okawaru [****..]
Gold:   469        SH:  4    Dex: 12 (13) Spells: 9/9 levels left

rFire   . . .      SeeInvis .    g - +0 eveningstar (holy)
rCold   . . .      Faith    .    c - +0 buckler
rNeg    . . .      Spirit   .    o - +0 chain mail
rPois   .          Reflect  .    q - +0 helmet
rElec   .          Rampage  .    D - +0 cloak
rCorr   +                        n - +1 pair of gloves
Will    .....                    B - +1 pair of boots Stlth
                                 (no amulet)
HPRegen 0.31/turn                h - ring of resist corrosion
MPRegen 0.12/turn                e - +5 ring of evasion

@: no status effects
A: no striking features
a: Renounce Religion, Heroism, Finesse


You were on level 9 of the Dungeon.
You worshipped Okawaru.
Okawaru was greatly pleased with you.
You visited 2 branches of the dungeon, and saw 10 of its levels.

You collected 469 gold pieces.

Inventory:

Hand Weapons
 a - a +0 flail
 g - a +0 eveningstar of holy wrath (weapon)
 m - a +0 morningstar
 v - a +0 morningstar
Armour
 c - a +0 buckler (worn)
 n - a +1 pair of gloves (worn)
 o - a +0 chain mail (worn)
 q - a +0 helmet (worn)
 B - a +1 pair of boots (worn)
 D - a +0 cloak (worn)
Jewellery
 e - a +5 ring of evasion (right hand)
 h - a ring of resist corrosion (left hand)
 E - a ring of fire
Wands
 b - a wand of flame (50)
 d - a wand of paralysis (11)
 y - a wand of light (7)
 F - a wand of roots (13)
Scrolls
 f - 2 scrolls of fog
 s - 2 scrolls of vulnerability
Potions
 i - 2 potions of heal wounds
 j - a potion of flight
 k - a potion of invisibility
 l - a potion of mutation
 p - 6 potions of haste
 r - 2 potions of brilliance
 u - a potion of magic
 A - a potion of resistance
 C - 2 potions of cancellation


   Skills:
 - Level 3.7 Fighting
 + Level 14.8 Maces & Flails
 - Level 3.7 Armour
 - Level 3.7 Shields


You had 9 spell levels left.
You didn't know any spells.
Your spell library contained the following spells:

 Spells                   Type           Power      Damage    Failure   Level
 Apportation              Tloc           0%         N/A       100%        1
 Necrotise                Necr           0%         1d4       100%        1
 Inner Flame              Hex/Fire       0%         N/A       100%        3
 Stone Arrow              Conj/Erth      0%         3d7       100%        3
 Flame Wave               Conj/Fire      0%         2d4       100%        4
 Sticky Flame             Conj/Fire      0%         2d3       100%        4
 Fireball                 Conj/Fire      0%         3d3       100%        5
 Iskenderun's Battlesphe  Conj           0%         2d6       100%        5
 Conjure Ball Lightning   Conj/Air       0%         3x3d6     100%        6
 Orb of Destruction       Conj           0%         9d5       100%        7
 Lehudib's Crystal Spear  Conj/Erth      0%         10d2      100%        8
 Summon Small Mammal      Summ           Unusable   N/A       N/A         1
 Animate Armour           Summ/Erth      Unusable   N/A       N/A         4

Dungeon Overview and Level Annotations

Branches:
Dungeon (9/15)             Temple (1/1) D:4
   Lair: D:8-11         Orc: D:9-12

Altars:
Ashenzari
Cheibriados
Dithmenos
Elyvilon
Fedhas
Gozag
Hepliaklqana
Kikubaaqudgha
Makhleb
Okawaru
Sif Muna
Trog
Uskayaw
Vehumet
Wu Jian
Xom
Yredelemnul
Zin
The Shining One

Shops:
D:2 :   D:5 :   D:9 (


Message History

As you read the scroll labelled GAIWAN WELIL, it crumbles to dust.
It was a scroll of blinking.
As you read the scroll labelled BOAFUI WILETU, it crumbles to dust.
You assume a fearsome visage.
Nothing appears to happen.
It was a scroll of fear.
This is a scroll of acquirement!
Something appears at your feet!
g - a +0 eveningstar of holy wrath Your +0 eveningstar of holy wrath softly glows with a divine radiance!
g - a +0 eveningstar of holy wrath (weapon)
As you read the scroll labelled ARPHASK LYFAEL, it crumbles to dust.
You hear a loud clanging noise!
It was a scroll of noise.
You hear a roar!
You hear a shout! x6
Found a stone staircase leading up.
You see here 2 poisoned darts.
An acid dragon comes into view.
The acid dragon roars!
Found 2 potions of heal wounds.
You see here a wand of light (3).
The acid dragon spits acid at you. The splash of acid hits you! You resist.
You are too injured to fight recklessly!
You are too injured to fight recklessly!
You are too injured to fight recklessly!
You are too injured to fight recklessly!
You are too injured to fight recklessly!
You are too injured to fight recklessly!
You are too injured to fight recklessly!
The acid dragon spits acid at you. The splash of acid hits you! You resist.
* * * LOW HITPOINT WARNING * * *
You hear an angry hiss.
You closely miss the acid dragon. The acid dragon bites you!
* * * LOW HITPOINT WARNING * * *
You block the acid dragon's attack.
You sock the acid dragon!
The acid dragon is heavily wounded.
The acid dragon bites you.
You die...

... ⌠...... .
..#+#......# ..
#..........#..
...#.....!....#...
..................
#................
##....D........##
##...⌠..@........#
.###...~~~...........
........~~~.......##.
.........~~~..../.<##
.........~~~........#
...........(........#
#......................
#..........###.....#....
#..........####...####..


You could see an acid dragon (catching breath).

Vanquished Creatures
  Maurice (D:8)
  A kobold demonologist (D:8)
  A troll (D:7)
  A slime creature (D:7)
  3 yaks
  A steam dragon (D:6)
  An acid dragon (D:8)
  2 water moccasins (D:7)
  Duvessa (D:5)
  A hornet zombie (D:7)
  An ice beast (D:7)
  A black bear (D:6)
  2 sky beasts
  3 ogres
  A phantom (D:6)
  4 kobold brigands (D:8)
  A wyvern zombie (D:7)
  2 bullfrogs
  4 scorpions
  6 wights
  Dowan (D:5)
  6 killer bees (D:7)
  3 howler monkeys
  A centaur zombie (D:7)
  2 jellies (D:7)
  2 sleepcaps
  4 orc priests
  2 gnoll boudas (D:7)
  5 hounds
  Jessica (D:3)
  Natasha (thrice) (D:4)
  6 iguanas
  2 orc wizards
  3 howler monkey zombies (D:7)
  12 gnolls
  9 adders
  A shadow imp (D:7)
  2 white imps
  A worm (D:4)
  A dart slug (D:2)
  23 orcs
  7 endoplasms
  5 giant cockroaches
  14 goblins
  8 hobgoblins
  5 jackals
  15 kobolds
  15 ball pythons
  6 bats
  3 frilled lizards (D:1)
  2 rats
208 creatures vanquished.

Notes
Turn   | Place    | Note
-------+----------+-------------------------------------------
     0 | D:1      | cforsyth the Human Fighter began the quest for the Orb.
     0 | D:1      | Reached XP level 1. HP: 18/18 MP: 1/1
    95 | D:1      | Reached XP level 2. HP: 24/24 MP: 2/2
   276 | D:1      | Reached XP level 3. HP: 29/29 MP: 3/3
   750 | D:2      | Found Biocvol's Book Shop.
   917 | D:2      | Found a white marble altar of Elyvilon.
  1053 | D:1      | Reached XP level 4. HP: 10/35 MP: 4/4
  1732 | D:2      | Reached XP level 5. HP: 39/42 MP: 5/5
  1820 | D:2      | Reached skill level 3 in Maces & Flails
  2200 | D:2      | Found a faded altar of an unknown god.
  2616 | D:2      | Reached skill level 4 in Maces & Flails
  2834 | D:2      | Reached XP level 6. HP: 15/48 MP: 6/6
  3032 | D:3      | Noticed Jessica
  3046 | D:3      | Killed Jessica
  3348 | D:3      | Reached skill level 5 in Maces & Flails
  3754 | D:4      | Reached XP level 7. HP: 46/53 MP: 7/7
  3931 | D:4      | Found a staircase to the Ecumenical Temple.
  3943 | Temple   | Entered the Ecumenical Temple
  3968 | Temple   | Reached skill level 6 in Maces & Flails
  3981 | Temple   | Became a worshipper of Warmaster Okawaru
  4499 | D:4      | Noticed Natasha
  4504 | D:4      | Killed Natasha
  4584 | D:4      | Noticed Natasha
  4591 | D:4      | Killed Natasha
  4874 | D:4      | Found a staircase to the Ecumenical Temple.
  4948 | D:4      | Noticed Natasha
  4962 | D:4      | Killed Natasha
  5324 | D:5      | Entered Level 5 of the Dungeon
  5599 | D:5      | Reached skill level 7 in Maces & Flails
  5778 | D:5      | Found Hues's Tremendous Tomes.
  5810 | D:5      | Noticed Dowan
  5810 | D:5      | Noticed Duvessa
  5884 | D:6      | Reached XP level 8. HP: 60/60 MP: 8/8
  6062 | D:6      | Reached skill level 8 in Maces & Flails
  6065 | D:6      | Reached * piety under Okawaru
  6248 | D:6      | Reached skill level 9 in Maces & Flails
  6670 | D:6      | Reached XP level 9. HP: 65/65 MP: 9/9
  6813 | D:6      | Reached skill level 10 in Maces & Flails
  6824 | D:6      | Found a snail-covered altar of Cheibriados.
  6826 | D:6      | Found an ancient bone altar of Kikubaaqudgha.
  6833 | D:6      | Found an ornate altar of the Wu Jian Council.
  6836 | D:6      | Found a shadowy altar of Dithmenos.
  6838 | D:6      | Found a shimmering altar of Xom.
  6843 | D:6      | Found a shimmering blue altar of Sif Muna.
  7315 | D:7      | Reached ** piety under Okawaru
  7450 | D:7      | Reached skill level 11 in Maces & Flails
  7879 | D:6      | Reached *** piety under Okawaru
  7880 | D:6      | Reached skill level 12 in Maces & Flails
  8038 | D:7      | Reached XP level 10. HP: 53/71 MP: 10/10
  8503 | D:7      | Reached skill level 13 in Maces & Flails
  8519 | D:7      | Found a basalt altar of Yredelemnul.
  8803 | D:7      | Reached **** piety under Okawaru
  8805 | D:7      | Noticed a white ugly thing
  9211 | D:5      | Killed Duvessa
  9222 | D:5      | Killed Dowan
  9534 | D:7      | Noticed a kobold demonologist
  9655 | D:7      | Noticed a green ugly thing
  9734 | D:8      | Noticed Maurice
  9753 | D:8      | Reached skill level 14 in Maces & Flails
  9787 | D:8      | Killed Maurice
 10518 | D:9      | Noticed a kobold demonologist
 10559 | D:9      | Noticed an orange demon
 10570 | D:8      | Noticed a sun demon
 10578 | D:8      | Killed a kobold demonologist
 10808 | D:9      | Found Bummac's Weapon Shop.
 10824 | D:9      | Identified a scroll of acquirement
 10824 | D:9      | Acquired a +0 eveningstar of holy wrath
 10837 | D:9      | HP: 1/71 [acid dragon (11)]
 10838 | D:9      | Slain by an acid dragon

Illustrated notes

Levels and vault maps discovered:
D:1:      amcnicky_arrival_choice, layout_loops_cross
D:2:      layout_basic, chequers_ecumenical_altar_twisty, basic_altar,
          serial_shops, nicolae_shop_statue_plus, grunt_decor_resistance
D:3:      layout_basic, uniq_jessica
D:4:      layout_loops_cross, minmay_temple_entry_waves, minmay_snake_closets,
          uniq_natasha
D:5:      layout_cave_pools, nicolae_shop_i_like_big_books, uniq_duvessa
D:6:      layout_loops_ring, nicolae_overflow_hallway_of_the_gods,
          minmay_small_thing
D:7:      minmay_the_grid_octo_2x2 [minmay_the_grid_octo_fan_narrow,
          minmay_the_grid_octo_chip, minmay_the_grid_octo_clover_2,
          minmay_the_grid_octo_prize_big_c], layout_loops_cross,
          nicolae_yredelemnul_corpse_copse, lightli_church_of_beogh
D:8:      layout_basic, chequers_serial_rivers_small_3, uniq_maurice
D:9:      layout_rooms, lair_entry_dummy, enter_bailey_4, serial_shops,
          nicolae_shop_hallway_stairs, kennysheep_mini_moat,
          nicolae_stop_n_shop_1, nicolae_shop_hallway_plus,
          nicolae_shop_hallway_plus, serial_park_tiny_pond
Temple:   nicolae_temple_ecumenical_triangle

Skill      XL: |  1  2  3  4  5  6  7  8  9 10 |
---------------+-------------------------------+-----
Maces & Flails | 4 5 7 9 12 14 | 14.8
Fighting       | |  3.7
Armour         | |  3.7
Shields        | |  3.7

Action                     |  1- 3 |  4- 6 |  7- 9 | 10-12 || total
---------------------------+-------+-------+-------+-------++-------
  Melee: Flail             |   104 |   225 |   447 |   178 ||   954
         Morningstar       |       |       |       |   146 ||   146
         Eveningstar       |       |       |       |     2 ||     2
 Invoke: Heroism           |       |       |       |     2 ||     2
    Use: Scroll            |       |       |    10 |    10 ||    20
         Potion            |       |       |     5 |     6 ||    11
   Stab: Invisible         |       |       |       |     4 ||     4
 Armour: Scale mail        |    55 |       |       |       ||    55
         Chain mail        |    24 |   147 |   238 |   129 ||   538
  Dodge: Dodged            |    46 |    96 |   177 |   142 ||   461
  Block: Buckler           |    33 |    70 |    86 |    80 ||   269

Table legend: (Time is in decaauts)
 A = Elapsed time spent in this place.
 B = Non-inter-level travel time spent in this place.
 C = Inter-level travel time spent in this place.
 D = Time resting spent in this place.
 E = Time spent auto-exploring this place.
 F = Levels seen in this place.
 G = Mean time per level.
                   A        B        C        D        E       F      G
               +--------+--------+--------+--------+--------+-----+--------+
         Total |  10887 |  10536 |    351 |   2322 |   5841 |  10 | 1088.7 |
       Dungeon |  10647 |  10309 |    338 |   2153 |   5841 |   9 | 1183.0 |
        Temple |    239 |    226 |     13 |    169 |      0 |   1 |  239.0 |
               +--------+--------+--------+--------+--------+-----+--------+

Top non-repeatable levels by time:
     D:7: 1828 daAuts
     D:1: 1706 daAuts
     D:4: 1698 daAuts
     D:6: 1569 daAuts
     D:8: 1105 daAuts
     D:2: 1093 daAuts
     D:3: 801 daAuts
     D:5: 790 daAuts
  Temple: 239 daAuts
     D:9: 54 daAuts
